 Dungeon Crawl Stone Soup version 0.23.2-1-ga50397a6bc (webtiles) character file.

Game seed: 10199389490101241861

986 Mrkan the Firebug (level 8, -20/58 HPs)
             Began as a Gnoll Fire Elementalist on May 23, 2019.
             Demolished by an ogre
             ... wielding a +0 giant spiked club
              (26 damage)
             ... on level 5 of the Dungeon.
             The game lasted 00:18:39 (5324 turns).

Mrkan the Firebug (Gnoll Fire Elementalist)         Turns: 5324, Time: 00:18:40

Health: -20/58     AC:  4    Str: 11    XL:     8   Next: 18%
Magic:  4/16       EV: 15    Int: 20    God:
Gold:   234        SH:  0    Dex: 15    Spells: 12/18 levels left

rFire    + + .     SeeInvis .   u - +0 hand axe (chop)
rCold    x x .     Gourm    .   (no shield)
rNeg     . . .     Faith    .   a - +0 robe
rPois    .         Spirit   .   (no helmet)
rElec    .         Reflect  .   (no cloak)
rCorr    .         Harm     .   (no gloves)
MR       .....                  v - +1 pair of boots
Stlth    +++.......             (no amulet)
HPRegen  0.19/turn              f - ring of fire
MPRegen  0.15/turn              n - ring of fire

@: no status effects
A: distributed training, fangs 1, strong nose
a: no special abilities


You were on level 5 of the Dungeon.
You were hungry.

You visited 1 branch of the dungeon, and saw 5 of its levels.

You collected 234 gold pieces.

Inventory:

Hand Weapons
 r - a +0 trident
 t - the cursed +1 hand axe of the Cup {vamp, *Corrode rElec Dex+4}
   (You found it on level 4 of the Dungeon)

   It inflicts no extra harm, but heals its wielder when it wounds a living foe.
   It affects your dexterity (+4).
   It insulates you from electricity.
   It may corrode you when you take damage.
   It has a curse placed upon it.
 u - a +0 hand axe of chopping (weapon)
Armour
 a - a +0 robe (worn)
 h - a +0 cloak
 v - a +1 pair of boots (worn)
Jewellery
 f - a ring of fire (left hand)
 n - a ring of fire (right hand)
 q - an uncursed ring of ice
Wands
 p - a wand of random effects (16)
 s - a wand of polymorph (11)
Scrolls
 b - 4 scrolls of remove curse
 d - a scroll of teleportation
 e - 3 scrolls of fear
 g - 3 scrolls of blinking
 i - a scroll of immolation {unknown}
 l - a scroll of enchant weapon {unknown}
 w - 2 scrolls of identify
 y - a scroll of magic mapping {unknown}
Potions
 j - a potion of lignification {unknown}
 k - 2 potions of might {unknown}
 m - a potion of curing {unknown}
 o - 2 potions of mutation {unknown}
 x - 2 potions of brilliance {unknown}
 z - a potion of agility {unknown}
 A - a potion of heal wounds {unknown}
 B - a potion of flight {unknown}
 C - a potion of cancellation {unknown}
Comestibles
 c - 7 rations


   Skills:
 + Level 3.0 Fighting
 + Level 3.0 Short Blades
 + Level 3.0 Long Blades
 + Level 3.0 Axes
 + Level 3.0 Maces & Flails
 + Level 3.0 Polearms
 + Level 3.0 Staves
 + Level 3.0 Slings
 + Level 3.0 Bows
 + Level 3.0 Crossbows
 + Level 3.0 Throwing
 + Level 3.0 Armour
 + Level 5.5 Dodging
 + Level 5.2 Stealth
 + Level 3.0 Shields
 + Level 3.0 Unarmed Combat
 + Level 5.8 Spellcasting
 + Level 3.2 Conjurations
 + Level 2.4 Hexes
 + Level 2.4 Charms
 + Level 2.4 Summonings
 + Level 2.4 Necromancy
 + Level 2.4 Translocations
 + Level 2.4 Transmutations
 + Level 6.0 Fire Magic
 + Level 2.4 Ice Magic
 + Level 2.4 Air Magic
 + Level 2.4 Earth Magic
 + Level 2.4 Poison Magic
 + Level 3.2 Invocations
 + Level 3.0 Evocations


You had 12 spell levels left.
You knew the following spells:

 Your Spells              Type           Power        Failure   Level  Hunger
a - Flame Tongue          Conj/Fire      #####        1%          1    None
b - Conjure Flame         Conj/Fire      ######..     4%          3    ##.....
c - Throw Flame           Conj/Fire      ######       2%          2    None

Your spell library contained the following spells:

 Spells                   Type           Power        Failure   Level  Hunger
 Inner Flame              Hex/Fire       ######..     5%          3    ##.....
 Sticky Flame             Conj/Fire      ######..     16%         4    ####...
 Fireball                 Conj/Fire      ######....   41%         5    #####..


Dungeon Overview and Level Annotations

Branches:
Dungeon (5/15)
 Temple: D:4-7

Altars:
Dithmenos


Innate Abilities, Weirdness & Mutations

Your experience applies equally to all skills.
You have very sharp teeth.
Your uncanny sense of smell can sniff out nearby items.


Message History

You hit the ogre. You bite the ogre.
The ogre is almost dead.
The ogre barely misses you.
You barely miss the ogre.
The ogre is almost dead.
The ogre hits you with a +0 giant spiked club!!
You barely miss the ogre.
The ogre is almost dead.
The ogre hits you with a +0 giant spiked club.
You hit the ogre but do no damage. Your bite misses the ogre.
The ogre is almost dead.
You hit the ogre.
The ogre is almost dead.
The ogre hits you with a +0 giant spiked club!!
Ouch! That really hurt!
* * * LOW HITPOINT WARNING * * *
You hit the ogre.
The ogre is almost dead.
The ogre hits you with a +0 giant spiked club!!
You die...

###.###..... #####.......#.#.
##.#.........####
#...#..##....# #
####...#...####)# #
##.....##..## ##.#### #####
##.......#..# #......
#...###...........# #......
##..........@###............#
##.........##O#.#......##...##
#............l..#...... #...#
#.........##....# .... .....#
#........>.##............####
#####....................
##...................
####..##..........
#.##..#....)...


You could see an ogre and an iguana.

Vanquished Creatures
  A water moccasin (D:5)
  2 phantoms
  2 ogres (D:4)
  Blork the orc (D:5)
  A scorpion (D:3)
  A crimson imp (D:5)
  A hound (D:5)
  Crazy Yiuf (D:3)
  2 bullfrog skeletons
  A worker ant (D:4)
  2 hound zombies (D:5)
  A hound skeleton (D:4)
  A gnoll (D:3)
  8 adders
  2 oozes
  2 worms
  3 dart slugs (D:2)
  3 leopard geckos
  15 orcs
  3 giant cockroaches
  10 goblins
  6 hobgoblins
  8 jackals
  5 kobolds
  A quokka (D:4)
  3 ball pythons
  8 bats
  3 frilled lizards
  8 rats
105 creatures vanquished.

Vanquished Creatures (others)
  5 toadstools (D:1)
5 creatures vanquished.

Grand Total: 110 creatures vanquished

Notes
Turn   | Place    | Note
-------+----------+-------------------------------------------
     0 | D:1      | Mrkan the Gnoll Fire Elementalist began the quest for the
                  | Orb.
     0 | D:1      | Reached XP level 1. HP: 13/13 MP: 6/6
   179 | D:1      | Reached XP level 2. HP: 16/19 MP: 5/7
   522 | D:1      | Reached XP level 3. HP: 22/25 MP: 6/9
   654 | D:1      | Reached skill level 5 in Spellcasting
  1172 | D:2      | Found a faded altar of an unknown god.
  1236 | D:2      | Reached skill level 1 in Invocations
  1285 | D:2      | Reached skill level 1 in Fighting
  1285 | D:2      | Reached skill level 1 in Short Blades
  1285 | D:2      | Reached skill level 1 in Long Blades
  1285 | D:2      | Reached skill level 1 in Axes
  1285 | D:2      | Reached skill level 1 in Maces & Flails
  1285 | D:2      | Reached skill level 1 in Polearms
  1285 | D:2      | Reached skill level 1 in Staves
  1285 | D:2      | Reached skill level 1 in Slings
  1285 | D:2      | Reached skill level 1 in Bows
  1285 | D:2      | Reached skill level 1 in Crossbows
  1285 | D:2      | Reached skill level 1 in Throwing
  1285 | D:2      | Reached skill level 1 in Armour
  1285 | D:2      | Reached skill level 1 in Shields
  1285 | D:2      | Reached skill level 1 in Unarmed Combat
  1285 | D:2      | Reached skill level 1 in Evocations
  1305 | D:2      | Reached XP level 4. HP: 26/32 MP: 3/11
  1505 | D:2      | Reached skill level 1 in Hexes
  1505 | D:2      | Reached skill level 1 in Charms
  1505 | D:2      | Reached skill level 1 in Summonings
  1505 | D:2      | Reached skill level 1 in Necromancy
  1505 | D:2      | Reached skill level 1 in Translocations
  1505 | D:2      | Reached skill level 1 in Transmutations
  1505 | D:2      | Reached skill level 1 in Ice Magic
  1505 | D:2      | Reached skill level 1 in Air Magic
  1505 | D:2      | Reached skill level 1 in Earth Magic
  1505 | D:2      | Reached skill level 1 in Poison Magic
  1592 | D:2      | Learned a level 3 spell: Conjure Flame
  1595 | D:2      | Learned a level 2 spell: Throw Flame
  1684 | D:3      | Reached XP level 5. HP: 32/37 MP: 4/12
  1712 | D:3      | Found a runed translucent door.
  1713 | D:3      | Noticed Crazy Yiuf
  2299 | D:3      | Found a shadowy altar of Dithmenos.
  2515 | D:3      | Reached XP level 6. HP: 27/44 MP: 1/13
  3128 | D:3      | Killed Crazy Yiuf
  3280 | D:4      | Reached skill level 5 in Dodging
  3542 | D:4      | Got a dazzling hand axe
  3979 | D:4      | Reached XP level 7. HP: 50/50 MP: 8/15
  4104 | D:4      | Identified the cursed +1 hand axe of the Cup {vamp,
                  | *Corrode rElec Dex+4} (You found it on level 4 of the
                  | Dungeon)
  4119 | D:5      | Entered Level 5 of the Dungeon
  4519 | D:5      | Noticed Blork the orc
  4536 | D:5      | HP: 2/51 [Blork the orc/magic dart (4)]
  4872 | D:5      | Killed Blork the orc
  4907 | D:4      | Reached skill level 5 in Stealth
  5019 | D:5      | Reached skill level 6 in Fire Magic
  5019 | D:5      | Reached XP level 8. HP: 56/57 MP: 4/16
  5324 | D:5      | Demolished by an ogre

Skill      XL: |  1  2  3  4  5  6  7  8 |
---------------+-------------------------+-----
Conjurations   | 2 3 |  3.2
Spellcasting   | 5 |  5.8
Invocations    | 1 2 3 |  3.2
Fighting       | 1 2 3 |  3.0
Short Blades   | 1 2 3 |  3.0
Long Blades    | 1 2 3 |  3.0
Axes           | 1 2 3 |  3.0
Maces & Flails | 1 2 3 |  3.0
Polearms       | 1 2 3 |  3.0
Staves         | 1 2 3 |  3.0
Slings         | 1 2 3 |  3.0
Bows           | 1 2 3 |  3.0
Crossbows      | 1 2 3 |  3.0
Throwing       | 1 2 3 |  3.0
Armour         | 1 2 3 |  3.0
Shields        | 1 2 3 |  3.0
Unarmed Combat | 1 2 3 |  3.0
Evocations     | 1 2 3 |  3.0
Hexes          | 1 2 |  2.4
Charms         | 1 2 |  2.4
Summonings     | 1 2 |  2.4
Necromancy     | 1 2 |  2.4
Translocations | 1 2 |  2.4
Transmutations | 1 2 |  2.4
Ice Magic      | 1 2 |  2.4
Air Magic      | 1 2 |  2.4
Earth Magic    | 1 2 |  2.4
Poison Magic   | 1 2 |  2.4
Dodging        | 5 |  5.5
Stealth        | 5 |  5.2
Fire Magic     | 6 |  6.0

Action                   |  1- 3 |  4- 6 |  7- 9 || total
-------------------------+-------+-------+-------++-------
Melee: Unarmed           |    27 |    16 |       ||    43
       Bite              |     1 |     2 |     9 ||    12
       Hand axe          |       |     5 |   100 ||   105
 Cast: Flame Tongue      |    47 |    45 |       ||    92
       Throw Flame       |       |    55 |    53 ||   108
       Conjure Flame     |       |     1 |       ||     1
  Use: Scroll            |       |     7 |     1 ||     8
 Stab: Distracted        |       |       |     1 ||     1
  Eat: Chunk             |     1 |     8 |     4 ||    13
Armor: Robe              |     5 |    11 |     6 ||    22
Dodge: Dodged            |    39 |    74 |    71 ||   184
